AoeStats
← polom.s1989

Black Forest

510096249Analyzed
4v4 RM · 3d ago on Sep 29, 2026· 67m 7s· 8 players
Game mode
Random Map
Map size
Large (8 player)
Population
200
Speed
Normal
Resources
Standard
Victory
Conquest
Starting age
Dark Age
Ending age
Imperial Age
RankedLock teamsTeams togetherTeam positionsShared explorationLock speedFull tech treeHidden civsTurbo modeCheats
Victory
Defeat
🇨🇳 Persians · China
1555
+17
🇨🇳 Ethiopians · China
1515
+19
🇦🇺 Vietnamese · Australia
1472
+20
🇭🇰 Bohemians · Hong Kong SAR China
1420
+22
🇨🇳 Poles · China
1642
-22
🇨🇳 Magyars · China
1594
-21
🇨🇿 Bulgarians · Czechia
1553
-19
🇩🇪 Mongols · Germany
1487
-16
polom.s1989
0:27 Loom
10:16 Feudal Age
10:47 Arson
14:03 Double-Bit Axe
17:58 Fletching
21:29 Castle Age
19:45 Horse Collar
20:14 Stone Mining
22:29 Bodkin Arrow
24:26 Heavy Plow
24:38 Bow Saw
27:27 Forging
34:00 Imperial Age
32:02 Gold Mining
32:35 Town Watch
36:00 Wheelbarrow
36:08 Iron Casting
35:33 Scale Mail Armor
34:56 Pikeman
35:21 Gambesons
36:08 Halberdier
40:15 Blast Furnace
39:31 Chain Mail Armor
41:44 Plate Mail Armor
44:14 Hand Cart
50:16 Squires
57:22 Crop Rotation
Laljia
11:16 Feudal Age
12:03 Double-Bit Axe
14:53 Castle Age
16:04 Bow Saw
18:19 Wheelbarrow
17:55 Fishing Lines
18:32 Gold Mining
22:03 Loom
24:40 Gold Shaft Mining
24:15 Fishing Lines
24:49 Fishing Lines
25:29 Stone Mining
26:38 Gillnets
27:01 Horse Collar
28:13 Fervor
28:29 Heavy Plow
32:02 Imperial Age
29:55 Hand Cart
29:26 Town Watch
30:28 Ballistics
30:00 Fletching
30:54 Coinage
30:57 Town Patrol
31:06 Caravan
31:06 Bodkin Arrow
31:12 Padded Archer Armor
31:15 Husbandry
31:26 Bloodlines
32:09 Masonry
32:16 Leather Archer Armor
32:15 Thumb Ring
32:19 Onager
32:25 Capped Ram
33:16 Bracer
34:19 Chemistry
33:45 Conscription
33:30 Siege Ram
34:33 Drill
34:52 Siege Engineers
34:59 Heavy Scorpion
37:24 Banking
38:52 Elite Mangudai
40:01 Parthian Tactics
39:49 Nomads
40:53 Hoardings
40:25 Murder Holes
40:41 Fortified Wall
51:57 Forging
51:52 Scale Barding Armor
52:13 Bow Saw
52:02 Light Cavalry
52:18 Siege Onager
53:31 Chain Barding Armor
56:05 Iron Casting
59:12 Hussar
60:54 Blast Furnace
SAVIOR
0:47 Loom
10:41 Feudal Age
18:11 Castle Age
16:44 Double-Bit Axe
17:10 Horse Collar
20:48 Szlachta Privileges
23:14 Scale Barding Armor
24:25 Light Cavalry
26:04 Husbandry
27:25 Bloodlines
28:08 Chain Barding Armor
31:16 Forging
30:58 Gold Mining
32:42 Stone Mining
33:02 Bow Saw
34:30 Wheelbarrow
34:37 Fishing Lines
38:46 Imperial Age
38:52 Imperial Age
36:53 Scale Mail Armor
36:15 Man-at-Arms
38:17 Iron Casting
39:01 Chain Mail Armor
40:02 Lechitic Legacy
40:45 Blast Furnace
39:26 Cavalier
40:38 Hand Cart
39:50 Winged Hussar
42:55 Capped Ram
43:50 Caravan
44:20 Coinage
44:23 Conscription
45:18 Hand Cart
45:00 Siege Ram
45:43 Heavy Plow
46:44 Town Watch
47:35 Stone Shaft Mining
47:34 Crop Rotation
49:00 Chemistry
48:04 Fletching
48:30 Chain Mail Armor
49:10 Bodkin Arrow
50:26 Bombard Tower
50:44 Bracer
52:00 Sanctity
53:15 Squires
53:17 Padded Archer Armor
52:44 Pikeman
54:10 Arson
59:08 Onager
61:01 Long Swordsman
61:47 Two-Handed Swordsman
郁离
11:22 Feudal Age
16:48 Castle Age
15:39 Double-Bit Axe
18:02 Bow Saw
19:18 Wheelbarrow
19:07 Fishing Lines
25:00 Gillnets
26:18 Fletching
27:31 Hand Cart
30:00 Imperial Age
30:11 Imperial Age
27:28 Loom
27:29 Town Watch
28:12 Fletching
28:22 Padded Archer Armor
28:22 Gold Mining
28:24 Stone Mining
28:36 Horse Collar
30:07 Bodkin Arrow
31:26 Bracer
31:43 Leather Archer Armor
30:56 Heavy Cavalry Archer
32:02 Parthian Tactics
33:14 Two-Man Saw
32:23 Recurve Bow
33:12 Conscription
33:56 Chemistry
33:16 Ballistics
33:33 Ring Archer Armor
34:19 Parthian Tactics
34:50 Bloodlines
34:41 Husbandry
34:48 Scale Barding Armor
35:06 Ballistics
36:25 Chain Barding Armor
35:51 Treadmill Crane
39:14 Coinage
38:45 Caravan
39:46 Elite Magyar Huszar
40:30 Corvinian Army
42:46 Gold Shaft Mining
43:33 Plate Barding Armor
45:09 Hoardings
45:22 Masonry
45:18 Siege Engineers
45:16 Heavy Plow
47:20 Pikeman
48:09 Halberdier
55:14 Heavy Scorpion
65:51 Scale Mail Armor
kinwaleung18
11:39 Feudal Age
15:46 Castle Age
13:40 Fishing Lines
15:06 Double-Bit Axe
18:28 Bow Saw
21:17 Wheelbarrow
20:28 Loom
21:44 Fervor
26:56 Imperial Age
24:40 Gillnets
24:28 Pikeman
27:11 Chemistry
26:20 Horse Collar
27:27 Squires
29:55 Halberdier
30:53 Hand Cart
31:26 Scale Mail Armor
31:22 Town Watch
32:58 Chain Mail Armor
32:54 Forging
33:21 Ballistics
35:15 Plate Mail Armor
35:20 Iron Casting
34:44 Houfnice
36:04 Siege Engineers
36:12 Elite Skirmisher
36:47 Fletching
38:18 Bodkin Arrow
38:24 Padded Archer Armor
37:52 Imperial Skirmisher
39:22 Bracer
39:39 Leather Archer Armor
40:49 Ring Archer Armor
41:23 Blast Furnace
44:08 Fortified Wall
46:04 Bombard Tower
46:46 Masonry
52:23 Caravan
54:41 Arson
61:23 Capped Ram
Jail-airforce
4:25 Loom
10:32 Feudal Age
14:02 Castle Age
13:17 Double-Bit Axe
13:14 Horse Collar
26:07 Wheelbarrow
30:46 Imperial Age
28:11 Gold Mining
30:59 Hand Cart
30:52 Scale Barding Armor
30:57 Forging
30:44 Stone Mining
31:30 Gold Shaft Mining
31:06 Bow Saw
30:58 Heavy Plow
30:50 Elite War Elephant
31:51 Conscription
33:27 Chain Barding Armor
33:42 Iron Casting
34:26 Two-Man Saw
36:09 Devotion
37:13 Plate Barding Armor
37:38 Blast Furnace
37:31 Crop Rotation
42:04 Guilds
42:00 Husbandry
41:21 Light Cavalry
42:12 Bloodlines
62:47 Hussar
Hyperscout
1:16 Loom
10:12 Feudal Age
15:02 Castle Age
15:48 Double-Bit Axe
17:32 Horse Collar
20:20 Bow Saw
26:17 Wheelbarrow
26:27 Gold Mining
26:42 Heavy Plow
27:01 Town Watch
30:40 Imperial Age
29:27 Hand Cart
32:30 Chemistry
32:33 Scale Mail Armor
32:44 Forging
32:49 Siege Engineers
34:30 Torsion Engines
34:44 Halberdier
35:25 Squires
36:11 Chain Mail Armor
36:32 Iron Casting
36:30 Onager
38:59 Siege Onager
40:29 Plate Mail Armor
42:25 Caravan
45:22 Blast Furnace
52:49 Coinage
54:46 Fletching
55:17 Ballistics
57:19 Banking
63:24 Heavy Scorpion
64:45 Capped Ram
NØRTHLANE
7:07 Loom
9:26 Feudal Age
9:26 Man-at-Arms
21:04 Castle Age
19:11 Fletching
20:06 Double-Bit Axe
20:02 Horse Collar
21:09 Stone Mining
22:11 Bow Saw
23:02 Atonement
24:36 Wheelbarrow
24:03 Heavy Plow
25:40 Gold Mining
26:09 Town Watch
33:12 Imperial Age
31:49 Bodkin Arrow
34:08 Padded Archer Armor
35:01 Elite Skirmisher
37:46 Hoardings
37:12 Imperial Skirmisher
38:51 Ballistics
41:06 Chemistry
41:23 Murder Holes
41:14 Arrowslits
42:36 Thumb Ring
43:02 Paper Money
44:37 Two-Man Saw
45:10 Hand Cart
48:42 Masonry
57:06 Caravan
59:01 Crop Rotation
62:17 Bracer
62:32 Leather Archer Armor
63:04 Crossbowman
66:33 Bombard Tower
Connection lost

Rejoining the realm…

Still unreachable

The connection could not be restored.

Session expired

The server has moved on; the page needs a fresh start.